 Dungeon Crawl Stone Soup version 0.21.1-1-g345015fe64 (webtiles) character file.

98091 Rrauwl the Impaler (level 16, -3/201 HPs)
             Began as an Ogre Monk on Feb 6, 2018.
             Was the Champion of the Shining One.
             Slain by an ice dragon (4 damage)
             ... on level 15 of the Dungeon on Feb 7, 2018.
             The game lasted 01:58:46 (39275 turns).

Rrauwl the Impaler (Ogre Monk)                     Turns: 39275, Time: 01:58:46

Health: -3/201     AC: 11    Str: 23    XL:     16   Next: 21%
Magic:  24/24      EV: 19    Int:  9    God:    the Shining One [******]
Gold:   1840       SH: 10    Dex: 17    Spells: 12/19 levels left

rFire    . . .     SeeInvis .   a - +4 scythe
rCold    + . .     Gourm    .   (shield currently unavailable)
rNeg     + + +     Faith    .   r - +0 acid dragon scales
rPois    +         Spirit   .   t - +1 hat
rElec    .         Reflect  .   V - scarf {repulsion}
rCorr    +         Harm     .   (gloves unavailable)
MR       +....                  (boots unavailable)
Stlth    +.........             b - amulet of rage
HPRegen  0.43/turn              z - ring of poison resistance
MPRegen  0.19/turn              L - ring of protection from cold

@: agile, divine shield, glowing, repel missiles
A: large, unfitting armour, talons 1, molten scales 1, dopey 1, robust 1, tough
skin 1
a: Divine Shield, Cleansing Flame, Summon Divine Warrior, Brand Weapon With Holy
Wrath, Renounce Religion, Evoke Berserk Rage


You were on level 15 of the Dungeon.
You worshipped the Shining One.
The Shining One was exalted by your worship.
You were not hungry.

You visited 6 branches of the dungeon, and saw 26 of its levels.

You collected 2733 gold pieces.
You spent 893 gold pieces at shops.

Inventory:

Hand Weapons
 a - a +4 scythe (weapon)
 c - the +9 whip of Ximifo {freeze, rPois rN+}
   (You found it on level 5 of the Dungeon)

   It has been specially enchanted to freeze those struck by it, causing extra
   injury to most foes and up to half again as much damage against particularly
   susceptible opponents.
   It can also slow down cold-blooded creatures.
   It protects you from poison.
   It protects you from negative energy.
Missiles
 h - 8 large rocks (quivered)
 j - a throwing net
Armour
 r - +0 acid dragon scales (worn)
 t - a +1 hat (worn)
 V - a scarf of repulsion (worn)
Jewellery
 b - an amulet of rage (around neck)
 d - an uncursed ring of protection from magic
 z - a ring of poison resistance (left hand)
 L - a ring of protection from cold (right hand)
 M - an uncursed ring of protection from fire
Wands
 m - a wand of polymorph (17)
 u - a wand of iceblast (9)
 w - a wand of paralysis (20)
 C - a wand of scattershot (3)
 E - a wand of enslavement (13)
 K - a wand of disintegration (8)
 O - a wand of digging (14)
Scrolls
 i - 13 scrolls of identify
 o - 5 scrolls of remove curse
 F - 3 scrolls of fog
 N - a scroll of teleportation
Potions
 f - 8 potions of curing
 p - 2 potions of haste
 H - 3 potions of agility
 T - a potion of ambrosia
Miscellaneous
 y - a box of beasts
 A - a lightning rod (4/4)
 G - a phantom mirror
Comestibles
 e - 25 rations


   Skills:
 - Level 17.0 Fighting
 + Level 18.6 Polearms
 - Level 6.0 Armour
 - Level 7.0 Dodging
 - Level 2.1 Stealth
 - Level 2.0 Spellcasting
 - Level 11.0 Invocations
 - Level 6.0 Evocations


You had 12 spell levels left.
You knew the following spells:

 Your Spells              Type           Power        Failure   Level  Hunger
a - Regeneration          Chrm/Necr      #.........   77%         3    ####...
b - Passwall              Tmut/Erth      #.........   52%         2    ###....
c - Swiftness             Chrm/Air       #.......     52%         2    ###....


Dungeon Overview and Level Annotations

Branches:
Dungeon (15/15) Temple (1/1) D:6 Lair (6/6) D:9 Swamp (0/4) Lair:3 Snake (1/4) Lair:3 Slime (0/5) Lair:6 Orc (2/2) D:12 Elf (0/3) Orc:2 Vaults (0/5) D:12 D:13 Depths (1/5) D:15

Altars:
Ashenzari
Cheibriados
Dithmenos
Elyvilon
Fedhas
Gozag
Hepliaklqana
Kikubaaqudgha
Makhleb
Nemelex Xobeh
Okawaru
Qazlal
Ru
Sif Muna
Trog
Uskayaw
Vehumet
Wu Jian
Xom
Yredelemnul
Zin
The Shining One
Jiyva

Shops:
D:4 !   D:5 =   D:12 %   Orc:2 *!(}

Portals:
Pandemonium: Orc:2


Innate Abilities, Weirdness & Mutations

You are too large for most types of armour.
You have tough skin. (AC +1)
You have sharp toenails.
You are partially covered in molten scales. (AC +2)
You are dopey. (Int -2)
You are robust. (+10% HP)


Message History

The ice dragon misses you.
You slash the ice dragon! Your kick misses the ice dragon.
The ice dragon is heavily wounded.
You block the ice dragon's attack.
The ice dragon claws you but does no damage.
You block the ice dragon's attack.
You hit the ice dragon.
The ice dragon is severely wounded.
The ice dragon bites you!
* * * LOW HITPOINT WARNING * * *
The ice dragon claws you!
* * * LOW HITPOINT WARNING * * *
The ice dragon closely misses you.
Okay, then.
Okay, then.
You hit the ice dragon but do no damage.
You claw the ice dragon, but do no damage.
The ice dragon is severely wounded.
You block the ice dragon's attack. x2; The ice dragon tramples you.
You die...

.......#
#.###...#.....#
######.# #.#
##?......#######
###.###.#
######........#
#.......# #.######.#
#.#.##### #######.#
#.# #.#.# ##.....###
#.# #
#.#.######.......##
#.#
####.......#..##D##..#
#.#
...........#..#.@)#..#
#.#
####..####.#..#.>.#..#
#.# ####..#
#.#..#.))#..# #.#
...(..#
#.#..#####).######.#
###...#
#.##..)....##......#
#...#
#.###...[.#######..#
#...# #.# ###'###.#
#..# #...# #.# #.[...#
#..# #...# #.# ##)##.#
#.##


You could see an ice dragon.

Vanquished Creatures
  An orc warlord (Orc:1)
  A fire dragon (Lair:6)
  9 hydras
  2 centaur warriors
  2 catoblepae (Lair:6)
  A queen ant (Lair:2)
  13 two-headed ogres
  2 death yaks (Lair:4)
  2 orc high priests (Orc:2)
  2 ogre magi (D:15)
  A tengu warrior (D:15)
  A shock serpent (Snake:1)
  2 fire crabs
  The ghost of Noxor the Thaumaturge, a journeyman VSEn of Hepliaklqana (Lair:1)
  A wizard (D:15)
  An unseen horror (D:13)
  An infernal demonspawn (Orc:2)
  Pikel (D:6)
  4 deep elf magi (D:15)
  4 orc knights
  2 cyclopes
  A manticore (D:12)
  2 orc sorcerers (Orc:2)
  5 ugly things
  5 elephants (Lair:6)
  9 black mambas
  A molten gargoyle (Lair:6)
  Maurice (D:8)
  An orange demon (Orc:2)
  A naga mage (D:15)
  3 gargoyles
  8 spiny frogs
  6 komodo dragons
  A rime drake (Lair:2)
  A red devil (Orc:2)
  3 polar bears
  10 trolls
  Prince Ribbit (D:6)
  A hornet (D:9)
  22 blink frogs
  4 slime creatures
  9 hippogriffs
  8 wyverns
  A wraith (D:11)
  Sigmund (D:5)
  3 hogs (D:7)
  17 humans
  2 steam dragons
  Grum (D:9)
  39 yaks
  8 vampire mosquitoes
  5 basilisks
  6 hungry ghosts
  An acid dragon (D:9)
  17 soldier ants
  2 wargs (Orc:1)
  5 porcupines
  30 orc warriors
  3 hell hounds (Lair:6)
  4 sky beasts
  12 water moccasins
  4 ice beasts
  4 slaves (D:6)
  6 black bears
  An eye of draining (D:10)
  8 necrophages
  22 wolves
  12 ogres
  3 phantoms
  6 centaurs
  14 crocodiles
  2 big kobolds
  23 bullfrogs
  A wyvern zombie (D:14)
  An elf skeleton (D:14)
  4 scorpions
  A wyvern skeleton (D:8)
  11 killer bees
  The ghost of puimuR the Chopper, a weakling HOMo (D:3)
  A troll zombie (D:12)
  3 wights (D:14)
  A howler monkey (D:6)
  4 electric eels
  5 centaur zombies
  4 lava snakes (Lair:6)
  4 crimson imps
  4 human zombies (D:14)
  2 quasits
  7 jellies
  4 hounds
  24 orc priests
  18 orc wizards
  Ijyb (D:3)
  2 centaur skeletons
  2 iguanas
  2 human skeletons (D:14)
  36 worker ants
  7 ogre zombies
  A hound zombie (D:8)
  A worker ant zombie (D:6)
  12 adders
  4 gnolls (D:11)
  A howler monkey skeleton (D:8)
  3 shadow imps
  12 white imps (Lair:5)
  An ooze (D:1)
  2 adder skeletons
  An adder zombie (D:7)
  A worm (D:3)
  4 leopard geckos
  87 orcs
  3 bats (D:1)
  4 giant cockroaches
  9 goblins
  11 hobgoblins
  17 jackals
  4 quokkas
  2 ball pythons
  4 frilled lizards
  A goblin skeleton (D:12)
  2 goblin zombies (D:12)
  A hobgoblin skeleton (D:12)
  3 hobgoblin zombies (D:12)
  24 kobolds
  An orc skeleton (D:12)
  17 orc zombies (D:12)
  A quokka zombie (D:8)
  8 rats
  A fungus (Lair:5)
812 creatures vanquished.

Vanquished Creatures (collateral kills)
  Rupert (D:12)
  2 hydras
  4 death yaks
  3 orc high priests (Orc:2)
  A soul eater (Orc:2)
  A sixfirhy (Orc:2)
  3 orc knights (Orc:2)
  An infernal demonspawn (Orc:2)
  6 orc sorcerers (Orc:2)
  An orange demon (Orc:2)
  A molten gargoyle (Lair:6)
  A smoke demon (Orc:2)
  A rime drake (Lair:5)
  A red devil (Orc:2)
  A blink frog (Lair:4)
  A steam dragon (Lair:6)
  A soldier ant (Lair:2)
  A water moccasin (Lair:5)
  12 orc warriors (Orc:2)
  A wolf (Lair:5)
  A crocodile (Lair:3)
  A bullfrog (Lair:4)
  A lava snake (Lair:6)
  5 orc priests (Orc:2)
  2 orc wizards (Orc:2)
  5 orcs (Orc:2)
59 creatures vanquished.

Vanquished Creatures (others)
  A wizard (D:12)
  5 bushes (Lair:6)
  12 fungi
  25 plants
43 creatures vanquished.

Grand Total: 914 creatures vanquished

Notes
Turn   | Place    | Note
-------+----------+-------------------------------------------
     0 | D:1      | Rrauwl the Ogre Monk began the quest for the Orb.
     0 | D:1      | Reached XP level 1. HP: 24/24 MP: 1/1
   240 | D:1      | Reached XP level 2. HP: 29/33 MP: 2/2
   560 | D:1      | Reached skill level 5 in Fighting
   655 | D:1      | Reached XP level 3. HP: 42/42 MP: 3/3
  1494 | D:2      | Reached XP level 4. HP: 46/52 MP: 4/4
  1653 | D:3      | Gained mutation: You are dopey. (Int -2) [potion of mutation]
  1653 | D:3      | Gained mutation: You are partially covered in molten scales. (AC +2) [potion of mutation]
  1653 | D:3      | Gained mutation: You have sharp toenails. [potion of mutation]
  1653 | D:3      | Gained mutation: You are robust. (+10% HP) [potion of mutation]
  1794 | D:3      | Noticed puimuR's ghost (weakling HOMo)
  1833 | D:3      | Killed puimuR's ghost
  1833 | D:3      | Reached XP level 5. HP: 19/68 MP: 5/5
  2134 | D:3      | Noticed Ijyb
  2192 | D:3      | Killed Ijyb
  2688 | D:4      | Reached XP level 6. HP: 43/81 MP: 6/6
  3020 | D:4      | Noticed a phantom
  3065 | D:4      | Killed a phantom
  3312 | D:4      | Reached XP level 7. HP: 66/91 MP: 7/7
  3615 | D:4      | Found Efa Imm's Distillery.
  3620 | D:4      | Bought a potion of lignification for 33 gold pieces
  3620 | D:4      | Bought a potion of might for 44 gold pieces
  3757 | D:5      | Entered Level 5 of the Dungeon
  4118 | D:5      | Got a bloodstained whip
  4119 | D:5      | Identified the +9 whip of Ximifo {freeze, rPois rN+} (You found it on level 5 of the Dungeon)
  4187 | D:5      | Learned a level 3 spell: Regeneration
  4206 | D:5      | Found a shadowy altar of Dithmenos.
  4264 | D:5      | Found a radiant altar of Vehumet.
  4264 | D:5      | Found a stormy altar of Qazlal.
  4287 | D:5      | Found Saxocif's Jewellery Emporium.
  4397 | D:5      | Reached skill level 1 in Spellcasting
  4710 | D:5      | Noticed Sigmund
  4718 | D:5      | Killed Sigmund
  4718 | D:5      | Reached skill level 10 in Fighting
  4718 | D:5      | Reached XP level 8. HP: 93/102 MP: 8/11
  4896 | D:5      | Reached skill level 4 in Polearms
  5005 | D:6      | Found a staircase to the Ecumenical Temple.
  5013 | Temple   | Entered the Ecumenical Temple
  5106 | Temple   | Became a worshipper of the Shining One
  5106 | Temple   | Reached * piety under the Shining One
  5106 | Temple   | Reached ** piety under the Shining One
  5303 | D:6      | Reached skill level 1 in Invocations
  5355 | D:6      | Reached skill level 1 in Armour
  5710 | D:6      | Noticed Prince Ribbit
  5712 | D:6      | Reached skill level 5 in Polearms
  5718 | D:6      | Killed Prince Ribbit
  5718 | D:6      | Reached XP level 9. HP: 69/115 MP: 12/12
  5974 | D:6      | Noticed a cyclops
  5985 | D:6      | Killed a cyclops
  6431 | D:6      | Noticed Pikel
  6443 | D:6      | Killed Pikel
  6443 | D:6      | Reached skill level 6 in Polearms
  6443 | D:6      | Reached skill level 5 in Invocations
  6667 | D:7      | Reached skill level 7 in Polearms
  6675 | D:7      | Reached XP level 10. HP: 68/129 MP: 14/14
  6780 | D:7      | Found the +2 hat of the Bear Spirit {Spirit, +Rage rN+ MR++}
  7317 | D:7      | Found a faded altar of an unknown god.
  7317 | D:7      | Found an ornate altar of the Wu Jian Council.
  7318 | D:7      | Reached *** piety under the Shining One
  7329 | D:7      | Found a blossoming altar of Fedhas.
  7331 | D:7      | Found a bloodstained altar of Trog.
  7333 | D:7      | Found a deep blue altar of Sif Muna.
  8316 | D:8      | Reached skill level 8 in Polearms
  8356 | D:8      | Noticed Maurice
  8369 | D:8      | Killed Maurice
  8568 | D:8      | Noticed an eight-headed hydra
  8574 | D:8      | Killed an eight-headed hydra
  8574 | D:8      | Reached skill level 15 in Fighting
  8577 | D:8      | Reached XP level 11. HP: 65/146 MP: 15/15
  9257 | D:9      | Found an opulent altar of Gozag.
  9385 | D:9      | Noticed a two-headed ogre
  9388 | D:9      | Killed a two-headed ogre
  9388 | D:9      | Reached skill level 1 in Evocations
  9416 | D:9      | Paralysed by a hornet for 3 turns
 10295 | D:9      | Found a staircase to the Lair.
 10413 | D:9      | Noticed Grum
 10425 | D:9      | Killed Grum
 10426 | D:9      | Reached **** piety under the Shining One
 11263 | D:10     | Entered Level 10 of the Dungeon
 11312 | D:10     | Reached skill level 9 in Polearms
 12592 | Lair:1   | Entered Level 1 of the Lair of Beasts
 12592 | Lair:1   | Noticed Noxor's ghost (journeyman VSEn)
 12737 | Lair:1   | Killed Noxor's ghost
 12737 | Lair:1   | Reached XP level 12. HP: 152/160 MP: 18/18
 13466 | Lair:1   | Reached ***** piety under the Shining One
 13518 | Lair:1   | Reached skill level 5 in Dodging
 14246 | Lair:2   | Reached skill level 10 in Polearms
 14918 | Lair:2   | Noticed a queen ant
 14942 | Lair:2   | Killed a queen ant
 15124 | Lair:2   | Noticed a five-headed hydra
 15328 | Lair:2   | Killed a five-headed hydra
 15533 | Lair:2   | Learned a level 2 spell: Passwall
 15536 | Lair:2   | Learned a level 2 spell: Swiftness
 15575 | Lair:2   | Noticed a six-headed hydra
 15584 | Lair:2   | Killed a six-headed hydra
 15590 | Lair:2   | Reached skill level 10 in Invocations
 15758 | Lair:2   | Reached skill level 11 in Polearms
 16236 | Lair:3   | Found a staircase to the Swamp.
 16404 | Lair:3   | Reached XP level 13. HP: 121/171 MP: 20/20
 16683 | Lair:3   | Identified a scroll of acquirement
 17004 | Lair:2   | Reached skill level 12 in Polearms
 18063 | Lair:3   | Found a staircase to the Snake Pit.
 18329 | Lair:4   | Reached skill level 13 in Polearms
 20389 | Lair:4   | Reached skill level 14 in Polearms
 21880 | Lair:6   | Entered Level 6 of the Lair of Beasts
 22046 | Lair:5   | Reached skill level 15 in Polearms
 22629 | Lair:6   | Reached XP level 14. HP: 156/182 MP: 21/21
 23624 | Lair:6   | Found a large runed door.
 23703 | Lair:6   | Reached skill level 16 in Polearms
 24889 | Lair:6   | Found a viscous altar of Jiyva.
 24892 | Lair:6   | Found a staircase to the Slime Pits.
 25350 | Lair:6   | Found a large runed door.
 26921 | D:11     | Reached skill level 17 in Polearms
 27727 | D:12     | Found a staircase to the Orcish Mines.
 27881 | D:12     | Found Majot's Food Shop.
 28669 | D:12     | Found a bloodstained altar of Trog.
 29319 | D:13     | Found a gate to the Vaults.
 29319 | D:13     | Noticed Rupert
 29319 | D:13     | Reached ****** piety under the Shining One
 30146 | D:13     | Reached XP level 15. HP: 147/191 MP: 22/22
 31237 | D:12     | Killed Rupert
 31702 | D:14     | Found a basalt altar of Yredelemnul.
 31967 | D:15     | Entered Level 15 of the Dungeon
 33283 | D:15     | Reached skill level 5 in Armour
 33301 | D:15     | Found a staircase to the Depths.
 33421 | Orc:1    | Entered Level 1 of the Orcish Mines
 33716 | Orc:1    | Found a bloodstained altar of Trog.
 33874 | Orc:1    | Noticed an orc warlord
 33886 | Orc:1    | Killed an orc warlord
 34434 | Orc:2    | Entered Level 2 of the Orcish Mines
 35420 | Orc:2    | Reached skill level 5 in Evocations
 36329 | Orc:2    | Found Efil's Distillery.
 36343 | Orc:2    | Found Keos's General Store.
 36366 | Orc:2    | Bought a potion of ambrosia for 96 gold pieces
 36366 | Orc:2    | Bought a potion of mutation for 96 gold pieces
 36368 | Orc:2    | Bought a scroll of acquirement for 624 gold pieces
 36848 | Orc:2    | Reached skill level 18 in Polearms
 36867 | Orc:2    | Reached XP level 16. HP: 168/201 MP: 24/24
 36922 | Orc:2    | Found Toubb's Gadget Boutique.
 36922 | Orc:2    | Found Cowaheh's Antique Weapon Shop.
 36923 | Orc:2    | Found a one-way gate leading to the halls of Pandemonium.
 37236 | Orc:2    | Found a staircase to the Elven Halls.
 37889 | Snake:1  | Entered Level 1 of the Snake Pit
 38764 | Depths:1 | Entered Level 1 of the Depths
 39274 | D:15     | HP: 9/201 [ice dragon (8)]
 39274 | D:15     | HP: 1/201 [ice dragon (8)]
 39275 | D:15     | Slain by an ice dragon

Skill      XL: |  1  2  3  4  5  6  7  8  9 10 11 12 13 14 15 16 |
---------------+-------------------------------------------------+-----
Dodging        | 3 4 6 7 |  7.0
Fighting       | 5 6 7 8 9 10 11 12 15 16 17 | 17.0
Stealth        | 2 |  2.1
Spellcasting   | 2 |  2.0
Polearms       | 5 7 8 9 11 15 17 18 | 18.6
Invocations    | 3 5 6 8 10 11 | 11.0
Armour         | 2 3 6 |  6.0
Evocations     | 2 5 6 |  6.0

Action                   |  1- 3 |  4- 6 |  7- 9 | 10-12 | 13-15 | 16-18 || total
-------------------------+-------+-------+-------+-------+-------+-------++-------
Melee: Spear             |   138 |   213 |    72 |       |       |       ||   423
       Kick              |       |    48 |    53 |   205 |   466 |    26 ||   798
       Unarmed           |       |    34 |       |       |       |       ||    34
       Whip              |       |       |   162 |   768 |   718 |       ||  1648
       Scythe            |       |       |       |       |   773 |    92 ||   865
Throw: Large rock        |       |       |       |     2 |       |       ||     2
Invok: Summon Divine War |       |       |       |     1 |    12 |       ||    13
       Divine Shield     |       |       |       |       |    10 |     3 ||    13
       Cleansing Flame   |       |       |       |       |     2 |       ||     2
Evoke: Wand              |       |       |       |     6 |     9 |       ||    15
  Use: Potion            |     2 |     2 |     2 |     8 |     9 |     1 ||    24
       Scroll            |     1 |     3 |     3 |    14 |    15 |     1 ||    37
 Stab: Sleeping          |     9 |     3 |     2 |       |       |       ||    14
  Eat: Chunk             |     2 |     3 |     7 |    23 |    23 |       ||    58
       Ration            |       |     1 |     1 |     5 |    15 |     2 ||    24
Armor: Robe              |    23 |    56 |    51 |    57 |       |       ||   187
       Acid dragon scale |       |       |       |   248 |   530 |    22 ||   800
       Skin              |       |       |       |    33 |    46 |       ||    79
Dodge: Dodged            |    42 |    71 |   112 |   436 |   851 |    71 ||  1583
       Deflected         |       |       |       |       |       |     2 ||     2
Block: Other             |       |       |       |       |    79 |    25 ||   104
